 Dungeon Crawl Stone Soup version 0.24.0-35-gdb84b6a5db (console) character file.

Game seed: 16097175655880884233, levelgen mode: deterministic

10952 AlterAsc the Geomancer (level 11, 0/54 HPs)
             Began as a Gargoyle Earth Elementalist on Nov 17, 2019.
             Was a High Priest of Vehumet.
             Slain by a hippogriff (3 damage)
             ... on level 10 of the Dungeon.
             The game lasted 00:41:25 (12492 turns).

AlterAsc the Geomancer (GrEE)                      Turns: 12492, Time: 00:41:25

Health: 0/54       AC: 13    Str: 12    XL:     11   Next: 70%
Magic:  7/31       EV: 12    Int: 24    God:    Vehumet [*****.]
Gold:   615        SH:  0    Dex: 17    Spells: 10/25 levels left

rFire    . . .     SeeInvis .   I - +1 dagger "Tulealer" {venom, Dex+7}
rCold    . . .     Gourm    +   (no shield)
rNeg     + . .     Faith    .   c - +0 robe
rPois    ∞         Spirit   .   r - +0 helmet
rElec    +         Reflect  .   h - +0 cloak
rCorr    .         Harm     .   (no gloves)
MR       .....                  P - +0 pair of boots
Stlth    ++........             A - amulet of the gourmand
HPRegen  0.18/turn              t - ring of magical power
MPRegen  0.22/turn              S - +5 ring of intelligence

@: no status effects
A: negative energy resistance 1, electricity resistance, unbreathing,
petrification resistance, rot immunity, AC +8
a: Renounce Religion


You were on level 10 of the Dungeon.
You worshipped Vehumet.
Vehumet was extremely pleased with you.
You were completely stuffed.

You visited 2 branches of the dungeon, and saw 12 of its levels.
You also visited: Ossuary.

You collected 615 gold pieces.

Inventory:

Hand Weapons
 I - the +1 dagger "Tulealer" (weapon) {venom, Dex+7}
   (You found it on level 6 of the Dungeon)

   It poisons the flesh of those it strikes.
   It affects your dexterity (+7).
Missiles
 b - 38 stones
 Q - a throwing net (quivered)
Armour
 c - a +0 robe (worn)
 h - a +0 cloak (worn)
 l - a +2 buckler
 r - a +0 helmet (worn)
 P - a +0 pair of boots (worn)
Magical Staves
 X - an uncursed staff of death
Jewellery
 t - a ring of magical power (left hand)
 A - an amulet of the gourmand (around neck)
 S - a +5 ring of intelligence (right hand)
 T - an uncursed ring of flight
Wands
 s - a wand of acid (9)
 w - a wand of flame (32)
 J - a wand of random effects (21)
 M - a wand of enslavement (8)
 V - a wand of disintegration (10)
 W - a wand of paralysis (7)
Scrolls
 f - 3 scrolls of immolation
 g - 5 scrolls of enchant armour
 n - a scroll of enchant weapon {unknown}
 o - 6 scrolls of remove curse
 q - 5 scrolls of teleportation
 u - 2 scrolls of amnesia {unknown}
 v - 3 scrolls of magic mapping
 x - a scroll of noise {unknown}
 B - a scroll of fog {unknown}
 C - a scroll of silence {unknown}
 G - a scroll of blinking {unknown}
 H - a scroll of vulnerability {unknown}
 K - a scroll of torment {unknown}
 L - a scroll of acquirement {unknown}
 U - a scroll of holy word {unknown}
Potions
 i - 5 potions of curing
 j - 6 potions of lignification
 k - a potion of degeneration {unknown}
 m - a potion of berserk rage {unknown}
 p - a potion of brilliance {unknown}
 z - 2 potions of might
 D - a potion of flight {unknown}
 E - 2 potions of mutation {unknown}
 F - a potion of cancellation {unknown}
 N - a potion of ambrosia {unknown}
 O - a potion of magic {unknown}
Comestibles
 a - 8 chunks of flesh
 d - 24 rations


   Skills:
 - Level 1.7 Dodging
 - Level 2.4 Stealth
 + Level 7.9 Spellcasting
 + Level 8.9 Conjurations
 + Level 6.3 Transmutations
 * Level 13.8 Earth Magic


You had 10 spell levels left.
You knew the following spells:

 Your Spells              Type           Power        Failure   Level  Hunger
a - Sandblast             Erth           ######       0%          1    None
b - Stone Arrow           Conj/Erth      ######       1%          3    None
c - Petrify               Tmut/Erth      ######..     1%          4    ##.....
d - Searing Ray           Conj           ######       1%          2    None
e - Lee's Rapid Deconstr  Erth           ######....   1%          5    #####..

Your spell library contained the following spells:

 Spells                   Type           Power        Failure   Level  Hunger
 Iskenderun's Mystic Bla  Conj           ######..     1%          4    ##.....
 Passwall                 Tmut/Erth      ######..     1%          2    None
 Animate Skeleton         Necr           N/A          7%          1    None
 Apportation              Tloc           #.....       7%          1    None
 Confusing Touch          Hex            #.....       7%          1    None
 Summon Small Mammal      Summ           #...         7%          1    None
 Call Imp                 Summ           #.......     10%         2    None
 Call Canine Familiar     Summ           #.......     21%         3    None
 Summon Guardian Golem    Hex/Summ       #.......     21%         3    None
 Summon Ice Beast         Ice/Summ       #.......     54%         4    ##.....
 Summon Lightning Spire   Summ/Air       #.......     54%         4    ##.....


Dungeon Overview and Level Annotations

Branches:
Dungeon (11/15)            Temple (1/1) D:4            Lair (0/6) D:9
Ossuary (visited)
    Orc: D:9-12

Altars:
Ashenzari
Cheibriados
Dithmenos
Elyvilon
Fedhas
Gozag
Hepliaklqana
Kikubaaqudgha
Makhleb
Nemelex Xobeh
Okawaru
Qazlal
Ru
Sif Muna
Trog
Uskayaw
Vehumet
Wu Jian
Xom
Yredelemnul
Zin
The Shining One
Beogh

Shops:
D:4 :   D:10 %


Innate Abilities, Weirdness & Mutations

You are resistant to torment.
Your stone body is resilient. (AC +8)
You are immune to poison.
You resist negative energy. (rN+)
You are resistant to electric shocks. (rElec)
You can survive without breathing.
You are immune to petrification.
You are immune to rotting.


Message History

There is a stone staircase leading up here.
The hippogriff bites you!
* * * LOW HITPOINT WARNING * * *
The hippogriff pecks you.
* * * LOW HITPOINT WARNING * * *
The hippogriff claws you.
* * * LOW HITPOINT WARNING * * *
You climb upwards.
Reactivating autopickup.
There is a stone staircase leading down here.
Casting: Petrify (safe; 1% risk of failure)
Confirm with . or Enter, or press ? or * to list all spells.
Aiming: Petrify (safe; 1% risk of failure)
Press: ? - help, Shift-Dir - straight line, f - hippogriff
Aim: a hippogriff (chance to defeat MR: 71%)
The hippogriff is moving more slowly.
The hippogriff bites you.
* * * LOW HITPOINT WARNING * * *
The hippogriff pecks you but does no damage.
The hippogriff claws you.
You die...

#..## ##..# ##.# ######### ######
#####.### ........# #....#
####...).... ........# #....#
#......))... .....∩.[#
#....###.##........ ........#
#.H..##..##....[...
(.......#######.@..##.###........
........##....'....##.# #........
......<.##.####....##.# #........
........#..# #....##.# #........
........'.## #....##.# #........
........### #....'..# #........
........# #....#### ###.#####
######### ###'## #..# #.# ##÷#


You could see a hippogriff (petrifying).

Vanquished Creatures
  Gastronok (D:9)
  A centaur warrior (D:10)
  An ugly thing (D:11)
  An oklob plant (D:9)
  2 trolls (D:9)
  A wraith (D:10)
  9 yaks
  2 wyverns (D:10)
  Menkaure (D:6)
  A hungry ghost (D:10)
  2 wargs (D:9)
  5 orc warriors
  2 sky beasts
  4 ogres
  6 ice beasts
  A phantom (D:5)
  3 centaurs
  A big kobold (D:11)
  5 bullfrogs
  2 elf zombies (D:5)
  A gnoll sergeant (D:7)
  A wyvern zombie (Ossuary)
  A water moccasin zombie (Ossuary)
  2 scorpions
  2 killer bees (D:10)
  2 howler monkeys
  2 electric eels (D:9)
  A centaur zombie (Ossuary)
  3 bullfrog zombies
  2 crimson imps
  A wyvern simulacrum (D:9)
  3 hounds
  2 quasits
  A jelly (D:10)
  10 orc wizards
  Crazy Yiuf (D:2)
  9 orc priests
  2 centaur skeletons
  A human skeleton (D:5)
  2 bullfrog skeletons
  A gnoll shaman (D:5)
  Jessica (D:2)
  An iguana (D:10)
  5 worker ants
  2 hound zombies (Ossuary)
  A hound skeleton (D:10)
  17 mummies (Ossuary)
  Robin (D:2)
  2 worker ant zombies
  16 gnolls
  9 adders
  2 shadow imps
  3 white imps (D:9)
  An ufetubus (D:9)
  3 adder zombies
  2 oozes (D:1)
  An adder skeleton (D:7)
  3 dart slugs
  A worm (D:2)
  7 leopard geckos
  59 orcs
  11 bats
  4 giant cockroaches
  16 goblins
  12 hobgoblins
  21 jackals
  11 kobolds
  7 quokkas
  4 ball pythons
  4 frilled lizards
  A giant cockroach zombie (Ossuary)
  A jackal zombie (Ossuary)
  2 leopard gecko zombies (Ossuary)
  2 orc skeletons (D:5)
  An orc zombie (D:5)
  A quokka skeleton (D:7)
  2 quokka zombies (Ossuary)
  11 rats
  A plant (D:9)
350 creatures vanquished.

Vanquished Creatures (others)
  5 withered plants (Ossuary)
5 creatures vanquished.

Grand Total: 355 creatures vanquished

Notes
Turn   | Place    | Note
-------+----------+-------------------------------------------
     0 | D:1      | AlterAsc the Gargoyle Earth Elementalist began the quest
                  | for the Orb.
     0 | D:1      | Reached XP level 1. HP: 10/10 MP: 3/3
    76 | D:1      | Reached XP level 2. HP: 6/15 MP: 1/5
   114 | D:1      | Reached skill level 4 in Earth Magic
   770 | D:1      | Reached XP level 3. HP: 11/19 MP: 6/6
   776 | D:1      | Learned a level 3 spell: Stone Arrow
  1118 | D:1      | You fall into a shaft and drop 1 floor!
  1694 | D:1      | Reached XP level 4. HP: 24/24 MP: 2/7
  1788 | D:2      | Reached skill level 5 in Earth Magic
  1831 | D:2      | Reached skill level 1 in Conjurations
  1988 | D:2      | Learned a level 4 spell: Petrify
  2211 | D:2      | Noticed Robin
  2215 | D:2      | Killed Robin
  2512 | D:2      | Reached XP level 5. HP: 24/28 MP: 5/9
  2813 | D:2      | Noticed Jessica
  2816 | D:2      | Killed Jessica
  2824 | D:2      | Found a runed translucent door.
  2825 | D:2      | Noticed Crazy Yiuf
  2837 | D:2      | Killed Crazy Yiuf
  3016 | D:3      | Found a burning altar of Makhleb.
  3337 | D:3      | Reached skill level 6 in Earth Magic
  3454 | D:3      | Reached XP level 6. HP: 32/32 MP: 9/10
  4063 | D:4      | Found Lidiu's Book Shoppe.
  4527 | D:4      | Found a staircase to the Ecumenical Temple.
  4539 | Temple   | Entered the Ecumenical Temple
  4613 | Temple   | Became a worshipper of Vehumet
  5364 | D:5      | Entered Level 5 of the Dungeon
  5372 | D:5      | Reached skill level 1 in Transmutations
  5435 | D:5      | Noticed a phantom
  5443 | D:5      | Killed a phantom
  5443 | D:5      | Reached skill level 7 in Earth Magic
  5443 | D:5      | Reached XP level 7. HP: 36/36 MP: 0/12
  5559 | D:5      | Found a sand-covered staircase.
  5676 | Ossuary  | Entered an ossuary
  5949 | Ossuary  | Reached * piety under Vehumet
  5949 | Ossuary  | Offered knowledge of Sting by Vehumet.
  6102 | Ossuary  | Reached XP level 8. HP: 41/41 MP: 14/14
  6105 | Ossuary  | Reached skill level 8 in Earth Magic
  6888 | D:5      | Reached skill level 9 in Earth Magic
  6951 | D:5      | Reached skill level 5 in Spellcasting
  6952 | D:5      | Reached skill level 5 in Conjurations
  7105 | D:5      | Reached ** piety under Vehumet
  7105 | D:5      | Offered knowledge of Searing Ray by Vehumet.
  7129 | D:5      | Learned a level 2 spell: Searing Ray
  7135 | D:5      | Learned a level 5 spell: Lee's Rapid Deconstruction
  7284 | D:5      | Reached XP level 9. HP: 21/45 MP: 13/16
  7297 | D:5      | HP: 3/67 [gnoll/+0 spear (6)]
  7509 | D:5      | Found a glowing golden altar of the Shining One.
  7723 | D:5      | Found a glowing silver altar of Zin.
  7873 | D:6      | Got a bloodstained dagger
  7874 | D:6      | Identified the cursed +1 dagger "Tulealer" {venom, Dex+7}
                  | (You found it on level 6 of the Dungeon)
  7917 | D:6      | Noticed Menkaure
  7919 | D:6      | Killed Menkaure
  7933 | D:6      | Offered knowledge of Throw Frost by Vehumet.
  7990 | D:6      | Reached skill level 10 in Earth Magic
  8140 | D:6      | Reached *** piety under Vehumet
  8516 | D:7      | Found an iron altar of Okawaru.
  8725 | D:7      | Offered knowledge of Throw Icicle by Vehumet.
  9218 | D:8      | Reached **** piety under Vehumet
  9266 | D:8      | Found a basalt altar of Yredelemnul.
  9333 | D:8      | Found a shattered altar of Ashenzari.
  9335 | D:8      | Found a shadowy altar of Dithmenos.
  9338 | D:8      | Found a shimmering altar of Xom.
  9522 | D:8      | Offered knowledge of Force Lance by Vehumet.
  9604 | D:8      | Found a snail-covered altar of Cheibriados.
  9985 | D:9      | Reached skill level 11 in Earth Magic
 10003 | D:8      | Reached XP level 10. HP: 29/50 MP: 5/19
 10362 | D:9      | Found a staircase to the Lair.
 10408 | D:9      | Reached skill level 5 in Transmutations
 10410 | D:9      | Noticed Gastronok
 10782 | D:9      | Reached skill level 12 in Earth Magic
 10832 | D:9      | Killed Gastronok
 10832 | D:9      | Reached XP level 11. HP: 54/54 MP: 21/21
 10956 | D:9      | Noticed an oklob plant
 10957 | D:9      | Found a hazy altar of Hepliaklqana.
 10961 | D:9      | Killed an oklob plant
 11447 | D:10     | Entered Level 10 of the Dungeon
 11627 | D:10     | Reached skill level 13 in Earth Magic
 11656 | D:10     | Reached ***** piety under Vehumet
 11693 | D:10     | Offered knowledge of Iskenderun's Mystic Blast by Vehumet.
 11893 | D:10     | Found Giriaxketh's Food Shop.
 11894 | D:10     | Noticed a centaur warrior
 11908 | D:10     | Killed a centaur warrior
 12217 | D:10     | Found a roughly hewn altar of Beogh.
 12328 | D:11     | Noticed a red ugly thing
 12415 | D:11     | Killed a red ugly thing
 12457 | D:11     | Noticed a cyclops
 12481 | D:11     | HP: 2/54 [cyclops/large rock (42)]
 12492 | D:10     | Slain by a hippogriff

Levels and vault maps discovered:
D:1:      saegor_arrival_miasma, layout_basic
D:2:      layout_loops_ring, first_ration, uniq_robin, uniq_crazy_yiuf_cottage,
          uniq_jessica
D:3:      layout_loops_corners, bloody_makhleb
D:4:      layout_layer_cave, minmay_temple_entry_proselytizer, serial_shops,
          nicolae_shop_trees
D:5:      layout_rooms, lemuel_coloured_pillars_altar,
          nicolae_tso_carved_into_rock, nicolae_ossuary_entry_catacombs
D:6:      layout_loops_ring, kennysheep_generic_room_13, uniq_menkaure
D:7:      layout_basic, kennysheep_mini_moat
D:8:      layout_basic, cheibriados_altar_1, grunt_temple_overflow_open,
          basic_altar, grunt_ogre_cave, minmay_curled_crystal
D:9:      layout_basic, erik_lair_orcish_takeover, serial_ice, serial_ice_d,
          serial_ice_k, serial_ice_b, serial_ice_g, lemuel_oklob_altar,
          uniq_gastronok
D:10:     layout_roguey, serial_shops, shop, special_room [special_room_orc]
D:11:     gammafunk_the_bubble [the_bubble_gammafunk_roulette],
          layout_cave_pools, david_orc_2, serial_shops, shop
Temple:   nicolae_temple_great_sept

Skill      XL: |  1  2  3  4  5  6  7  8  9 10 11 |
---------------+----------------------------------+-----
Earth Magic    | 4 5 6 7 9 11 12 13 | 13.8
Conjurations   | 1 2 3 5 6 7 8 |  8.9
Spellcasting   | 3 4 5 6 7 |  7.9
Transmutations | 1 2 3 4 5 6 |  6.3
Dodging        | |  1.7
Stealth        | |  2.4

Action                   |  1- 3 |  4- 6 |  7- 9 | 10-12 || total
-------------------------+-------+-------+-------+-------++-------
Melee: Dagger            |   157 |   145 |    66 |     5 ||   373
       Trident           |       |       |    23 |       ||    23
 Cast: Sandblast         |    12 |    29 |    84 |    70 ||   195
       Stone Arrow       |     9 |    59 |   120 |    17 ||   205
       Searing Ray       |       |       |     3 |       ||     3
       Lee's Rapid Decon |       |       |    16 |    42 ||    58
       Petrify           |       |       |     2 |     8 ||    10
  Use: Scroll            |       |     2 |       |     8 ||    10
       Potion            |       |       |     1 |     4 ||     5
 Stab: Sleeping          |     3 |     5 |       |       ||     8
       Petrified         |       |       |       |     1 ||     1
  Eat: Chunk             |     4 |    15 |    26 |    20 ||    65
       Ration            |       |     1 |     2 |       ||     3
Armor: Robe              |    76 |    90 |    68 |    24 ||   258
       Skin              |       |       |    66 |       ||    66
Dodge: Dodged            |   143 |   144 |   122 |    26 ||   435
